 Dungeon Crawl Stone Soup version 0.30-a0-996-ga6910c8ee8 (webtiles) character file.

Game seed: 11797896305101228694

6 kae the Ruffian (level 1, -1/18 HPs)
             Began as a Naga Transmuter on Apr 4, 2023.
             Slain by a jackal (2 damage)
             ... on level 1 of the Dungeon.
             The game lasted 00:00:20 (73 turns).

kae the Ruffian (Naga Transmuter)                     Turns: 73, Time: 00:00:21

Health: -1/18      AC:  1    Str: 12    XL:     1   Next: 90%
Magic:  3/3        EV:  9    Int: 13    God:
Gold:   0          SH:  0    Dex: 11    Spells: 3/4 levels left

rFire   . . .      SeeInvis +      - Unarmed
rCold   . . .      Faith    .    (no shield)
rNeg    . . .      Spirit   .    a - +0 robe
rPois   +          Reflect  .    (helmet currently unavailable)
rElec   .          Rampage  .    (no cloak)
rCorr   .                        (no gloves)
Will    .....                    (no barding)
Stlth   +                        (no amulet)
HPRegen 0.23/turn                (no ring)
MPRegen 0.08/turn                (no ring)

@: short of breath, appendages (expiring), very slow
A: horns 2, AC +0, large, see invisible, deformed body, poison resistance,
slowness 2, spit poison 1, naga tail 1
a: Spit Poison, End Transformation


You were on level 1 of the Dungeon.
You had temporarily grown beastly horns.
You visited 1 branch of the dungeon, and saw 1 of its levels.


Innate Abilities, Weirdness & Mutations

You have temporarily grown beastly horns.
Your serpentine skin is tough. (AC +0)
You have supernaturally acute eyesight. (SInv)
Armour fits poorly on your strangely shaped body.
Your system is resistant to poisons. (rPois)
You cover ground very slowly.
You can spit poison.
You have a snake-like lower body.


   Skills:
 - Level 1.0 Fighting
 - Level 1.5 Dodging
 + Level 3.1 Unarmed Combat
 + Level 2.1 Spellcasting
 * Level 2.3 Transmutations


You had 3 spell levels left.
You knew the following spells:

 Your Spells              Type           Power      Damage    Failure   Level
a - Beastly Appendage     Tmut           14%        N/A       10%         1

Your spell library contained the following spells:

 Spells                   Type           Power      Damage    Failure   Level
 Wereblood                Tmut           7%         N/A       14%         2
 Blink                    Tloc           2%         N/A       36%         2
 Spider Form              Tmut/Pois      4%         N/A       43%         3
 Ice Form                 Ice/Tmut       4%         N/A       83%         4
 Manifold Assault         Tloc           1%         N/A       94%         4
 Storm Form               Tmut/Air       2%         N/A       100%        7

Inventory:

Armour
 a - a +0 robe (worn)
Potions
 b - a potion of lignification {!q}

Dungeon Overview and Level Annotations

Branches:
Dungeon (1/15) Zot: 5912

Altars:

######## # #......#
.. #.####.# ...
#.#..#.# ....
#.+.<'.# .....
#.#..#.######......
#.####+#....$.S....
#......+h####......
######'#@# .....
#...# ...h #####
... .r


B You could see a jackal.


Message History

You start resting.
A hobgoblin is nearby!
You hit the hobgoblin. Your headbutt misses the hobgoblin.
The hobgoblin hits you.
You closely miss the hobgoblin.
The hobgoblin completely misses you. 😕 HP[-4] MP[+1]
You take 4 damage, and now have 14/18 hp.
MASSIVE DAMAGE!! (PAUSE)
Your mp is fully restored (3).
You hit the hobgoblin. You headbutt the hobgoblin.
You kill the hobgoblin!
Unknown command.
Your horns disappear.
You see here a giant cockroach corpse. 😕 HP[+1]
You start resting.
A rat is nearby!
A rat is nearby!
The splash of poison hits the rat.
You kill the rat!
You have got your breath back.
A jackal is nearby! 😕 HP[+2]
You regained 2 hp, and now have 17/18 hp.
A jackal is nearby!
A jackal is nearby!
The splash of poison misses the jackal.
The jackal barks!
You hear an angry hiss. 😎 HP[+1]
Your hp is fully restored (18).
Casting: Beastly Appendage (safe; 10% risk of failure)
Confirm with . or Enter, or press ? or * to list all spells.
You grow a pair of large bovine horns.
The jackal bites you. The jackal bites you. 😕 HP[-2] MP[-1]
You take 2 damage, and now have 16/18 hp.
You lost 1 mp, and now have 2/3 mp.
You hit the jackal but do no damage. The jackal bites you.
You closely miss the jackal. The jackal bites you.
A ball python comes into view.
The jackal bites you. 😮 HP[-6]
You take 6 damage, and now have 10/18 hp.
MASSIVE DAMAGE!! (PAUSE)
You can't do that yet.
The jackal attacks as you move away! The jackal bites you.
* * * LOW HITPOINT WARNING * * *
You have got your breath back.
The jackal bites you.
* * * LOW HITPOINT WARNING * * *
You see here a giant cockroach corpse. 😨 HP[-2]
You take 2 damage, and now have 8/18 hp.
Unknown command.
Unknown command.
You hit the jackal but do no damage.
Your transformation is almost over.
The jackal bites you.
* * * LOW HITPOINT WARNING * * *
The jackal bites you.
* * * LOW HITPOINT WARNING * * *
😨 HP[-3]
You take 3 damage, and now have 5/18 hp.
You closely miss the jackal. You punch the jackal.
The jackal barely misses you. 😨 HP[+1]
You hit the jackal. The jackal bites you.
* * * LOW HITPOINT WARNING * * *
😱 HP[-2]
You take 2 damage, and now have 4/18 hp.
Unknown command.
You closely miss the jackal. The jackal bites you.
* * * LOW HITPOINT WARNING * * *
The jackal bites you.
* * * LOW HITPOINT WARNING * * *
😱 HP[-2]
You take 2 damage, and now have 2/18 hp.
Unknown command.
You closely miss the jackal.
The jackal bites you but does no damage.
Okay, then.
You aren't carrying any scrolls.
Unknown command.
You aren't carrying any items that you can evoke.
Unknown command.
You are too injured to fight recklessly!
Unknown command.
You are too injured to fight recklessly!
Unknown command.
Aiming: Spit Poison (3% risk of failure)
Press: ? - help, Shift-Dir - straight line, f/p - jackal
Aim: a jackal (lightly wounded, 43% to hit)
The splash of poison hits the jackal.
The jackal is poisoned.
You kill the jackal! 😱 MP[+1]
Your mp is fully restored (3).
You hit the jackal but do no damage. The jackal bites you.
* * * LOW HITPOINT WARNING * * *
The jackal bites you.
You die...

Action                     || total
---------------------------++-------
  Melee: Unarmed           ||    14
         Headbutt          ||     3
         Punch             ||     1
   Cast: Beastly Appendage ||     2
Ability: Spit Poison       ||     4
 Armour: Robe              ||     1
  Dodge: Dodged            ||     3

Levels and vault maps discovered:
D:1:      ncdulo_smallfort, layout_rooms

Notes
Turn   | Place    | Note
-------+----------+-------------------------------------------
     0 | D:1      | kae the Naga Transmuter began the quest for the Orb.
     0 | D:1      | Reached XP level 1. HP: 18/18 MP: 3/3
     0 | D:1      | magus.rc [v1.11.3]
    21 | D:1      | You add the spells Blink, Manifold Assault and Storm Form
                  | to your library.
    69 | D:1      | HP: 4/18 [jackal (2)]
    73 | D:1      | HP: 1/18 [jackal (2)]
    73 | D:1      | Slain by a jackal

Vanquished Creatures
  A giant cockroach (D:1)
  A hobgoblin (D:1)
  2 jackals (D:1)
  A rat (D:1)
5 creatures vanquished.

Table legend:
 A = Non-vault XP
 B = Vault XP
 C = Vault XP percentage of total XP
 D = Non-vault monster count
 E = Vault monster count
 F = Vault count percentage of total count
                 A         B        C        D         E       F
            +---------+---------+-------+---------+---------+-------
      Total |       9 |       0 |   0.0 |       5 |       0 |   0.0
            +---------+---------+-------+---------+---------+-------
        D:1 |       9 |       0 |   0.0 |       5 |       0 |   0.0
            +---------+---------+-------+---------+---------+-------

Illustrated notes

Table legend:
 A = Kills in this place as a percentage of kills in the entire game.
 B = Kills by you in this place as a percentage of kills by you in the entire game.
 C = Kills by friends in this place as a percentage of kills by friends in the entire game.
 D = Other kills in this place as a percentage of other kills in the entire game.
 E = Experience gained in this place as a percentage of experience gained in the entire game.
 F = Experience gained in this place divided by the number of levels of this place that you have seen.
                   A       B       C       D       E      F
               +-------+-------+-------+-------+-------+----------------------
         Total | 100.0 | 100.0 |   N/A |   N/A | 100.0 |   9.0
       Dungeon | 100.0 | 100.0 |   N/A |   N/A | 100.0 |   9.0
               +-------+-------+-------+-------+-------+----------------------

Table legend: (Time is in decaauts)
 A = Elapsed time spent in this place.
 B = Non-inter-level travel time spent in this place.
 C = Inter-level travel time spent in this place.
 D = Time resting spent in this place.
 E = Time spent auto-exploring this place.
 F = Levels seen in this place.
 G = Mean time per level.
                   A        B        C        D        E       F      G
               +--------+--------+--------+--------+--------+-----+--------+
         Total |     86 |     86 |      0 |      6 |     45 |   1 |   86.0 |
       Dungeon |     86 |     86 |      0 |      6 |     45 |   1 |   86.0 |
               +--------+--------+--------+--------+--------+-----+--------+

Top non-repeatable levels by time:
     D:1: 86 daAuts
